 Dungeon Crawl Stone Soup version 0.16-a0-4072-gc5a8185 (webtiles) character file.

300 Gronka the Covered (level 6, 0/48 HPs)
             Began as a Human Fighter on Feb 21, 2015.
             Was a Believer of Dithmenos.
             Killed by nerve-wracking pain
             ... invoked by Grinder
              (4 damage)
             ... on level 4 of the Dungeon.
             The game lasted 00:13:48 (3664 turns).

Gronka the Covered (Human Fighter)                  Turns: 3664, Time: 00:13:48

Health: 0/48       AC: 11    Str: 18    XL:     6   Next: 64%
Magic:  6/6        EV:  6    Int:  8    God:    Dithmenos [**....]
Gold:   256        SH:  9    Dex: 13    Spells: 0 memorised, 5 levels left

rFire  . . .     SeeInvis .     a - +1 long sword
rCold  . . .     Clarity  +     o - +0 chain mail
rNeg   . . .     SustAb   .     c - +0 shield
rPois  .         Gourm    .     (no helmet)
rElec  .         Spirit   .     (no cloak)
rCorr  .         Warding  .     m - +1 pair of gloves
rMut   .         Stasis   .     (no boots)
MR     .....                    l - amulet of clarity
Stlth  ..........               s - ring of flight
                                g - ring of wizardry

@: wreathed by umbra, not resistant to hostile enchantments, extremely
unstealthy
A: no striking features
a: Shadow Step, Renounce Religion, Evoke Flight


You were on level 4 of the Dungeon.
You worshipped Dithmenos.
Dithmenos was pleased with you.
You were not hungry.

You visited 1 branch of the dungeon, and saw 4 of its levels.

You collected 256 gold pieces.

Inventory:

Hand weapons
 a - a +1 long sword (weapon)
Armour
 b - a +0 scale mail
 c - a +0 shield (worn)
 m - a +1 pair of gloves (worn)
 o - a +0 chain mail (worn)
Jewellery
 g - a ring of wizardry (left hand)
 l - an amulet of clarity (around neck)
 q - an uncursed amulet of rage
 s - a ring of flight (right hand)
Magical devices
 t - a wand of confusion (21)
Scrolls
 e - a scroll of magic mapping {unknown}
 f - 5 scrolls of identify {unknown}
 h - 2 scrolls of fog {unknown}
 j - a scroll of enchant weapon
 k - 4 scrolls of teleportation {unknown}
 p - a scroll of recharging {unknown}
 r - a scroll of blinking {unknown}
 u - a scroll of remove curse {unknown}
 v - a scroll of amnesia {unknown}
 w - a scroll of enchant armour {unknown}
Books
 x - a book of the Earth

   Spells                             Type                      Level
   a - Leda's Liquefaction            Hexes/Earth                  4
   b - Bolt of Magma                  Conjuration/Fire/Earth       5
   c - Statue Form                    Transmutation/Earth          6
   d - Iron Shot                      Conjuration/Earth            6
   e - Shatter                        Earth                        9
Comestibles
 d - a bread ration
 n - a meat ration


   Skills:
 + Level 4.0 Fighting
 + Level 3.0 Long Blades
 + Level 4.2 Armour
 + Level 2.3 Dodging
 + Level 0.7 Stealth
 + Level 4.2 Shields


You had 5 spell levels left.
You didn't know any spells.

Dungeon Overview and Level Annotations

Branches:
Dungeon (4/15)
 Temple: D:4-7

Altars:
Dithmenos
Gozag

Annotations:
D:4 Grinder


Message History

You block the giant frog skeleton's attack.
You closely miss Grinder.
Grinder is lightly wounded.
You block the giant frog skeleton's attack.
Grinder hits you.
* * * LOW HITPOINT WARNING * * *
The giant frog skeleton barely misses you.
You slash Grinder!
Grinder is moderately wounded.
The giant frog skeleton hits you but does no damage.
Grinder hits you.
* * * LOW HITPOINT WARNING * * *
You writhe in agony.
* * * LOW HITPOINT WARNING * * *
You block the giant frog skeleton's attack.
You completely miss Grinder.
Grinder is moderately wounded.
Grinder gestures at you. Pain shoots through your body!
You die...

+.........+...........
#?........##...(.....#
#.......# #.........#
#.....# ##........#
#...# ##...#.### #'#
#####.# #Z# #.# #Z# #.#
##@## #.#
#.#####5..###########.#
.............5........#
..........#############
.#####..(## #...#
......# ####...# #.(.#


You could see Grinder and 2 giant frog skeletons.

Vanquished Creatures
  A worker ant (D:4)
  An orc priest (D:4)
  Robin (D:3)
  A worm (D:2)
  14 adders
  6 orcs
  10 bats
  9 giant cockroaches
  18 goblins
  12 hobgoblins
  13 jackals
  5 kobolds
  An ooze (D:1)
  3 quokkas
  2 giant geckos
  5 giant newts
  6 rats
108 creatures vanquished.

Notes
Turn   | Place    | Note
--------------------------------------------------------------
     0 | D:1      | Gronka, the Human Fighter, began the quest for the Orb.
     0 | D:1      | Reached XP level 1. HP: 18/18 MP: 1/1
   107 | D:1      | Reached XP level 2. HP: 13/24 MP: 2/2
   160 | D:1      | Reached XP level 3. HP: 14/29 MP: 3/3
   733 | D:2      | Reached skill level 1 in Dodging
   733 | D:2      | Reached XP level 4. HP: 12/35 MP: 4/4
   739 | D:2      | Found a shadowy altar of Dithmenos.
   903 | D:2      | Became a worshipper of Dithmenos the Shadowed
  1422 | D:2      | Found an opulent altar of Gozag.
  1660 | D:2      | Reached XP level 5. HP: 41/41 MP: 5/5
  2211 | D:3      | Gained mutation: Your body is slowly deteriorating. [potion of mutation]
  2211 | D:3      | Gained mutation: Your mind is acute. (Int +2) [potion of mutation]
  2211 | D:3      | Gained mutation: Your mind is very acute. (Int +4) [potion of mutation]
  2517 | D:3      | Reached skill level 4 in Armour
  2901 | D:3      | Reached XP level 6. HP: 46/48 MP: 6/6
  2990 | D:3      | Noticed Robin
  3015 | D:3      | Killed Robin
  3033 | D:3      | Acquired Dithmenos' first power
  3151 | D:3      | Lost mutation: Your body is slowly deteriorating. [potion of cure mutation]
  3151 | D:3      | Lost mutation: Your mind is very acute. (Int +4) [potion of cure mutation]
  3151 | D:3      | Lost mutation: Your mind is acute. (Int +2) [potion of cure mutation]
  3607 | D:4      | Noticed Grinder
  3630 | D:4      | Paralysed by Grinder for 7 turns
  3664 | D:4      | Killed from afar by Grinder

Action                   |  1- 3 |  4- 6 || total
-------------------------+-------+-------++-------
Melee: Long sword        |    96 |   383 ||   479
  Use: Potion            |       |     7 ||     7
       Scroll            |       |     1 ||     1
  Eat: Bread ration      |       |     3 ||     3
